 Dungeon Crawl Stone Soup version 0.29-a0-378-gc08b2e8bf8 (webtiles) character file.

Game seed: 18425603270835014095

535169 holysushi the Imperceptible (level 27, -7/180 HPs)
             Began as a Kobold Monk on May 4, 2022.
             Was the Champion of Dithmenos.
             Mangled by a rockslime (24 damage)
             ... on level 5 of the Pits of Slime.
             The game lasted 02:17:32 (65111 turns).

holysushi the Imperceptible (Kobold Monk)          Turns: 65111, Time: 02:17:33

Health: -7/180     AC: 10    Str:  6    XL:     27
Magic:  0/43       EV: 65    Int: 16    God:    Dithmenos [******]
Gold:   1489       SH:  0    Dex: 46    Spells: 56/59 levels left

rFire   . . .      SeeInvis +   a - +12 pair of quick blades "Gyre" and "Gimble" {protect}
rCold   . . .      Faith    .   (shield currently unavailable)
rNeg    . . .      Spirit   +   E - +2 robe {Will+}
rPois   +          Reflect  .   (no helmet)
rElec   .          Harm     .   F - +2 cloak {rPois}
rCorr   .          Rampage  +   T - +2 pair of gloves {Dex+3}
Will    ++++.                   n - +2 pair of boots {rampage} Stlth ##********
                                t - amulet of Vasm {Spirit Will+ Dex+2 SInv Stlth-}
HPRegen 0.40/turn               Y - ring of Autumn {Int+4 Dex+6 Slay+3}
MPRegen 0.28/turn               e - ring "Uschuesac" {EV+4 Dex+4}

@: corroded, under a protective aura, wreathed by umbra, studying 2 skills
A: small, no large weapons, nightstalker 3, iridescent scales 1, weak 1
}: 3/15 runes: decaying, serpentine, slimy
a: Renounce Religion, Shadow Step, Shadow Form


You were on level 5 of the Pits of Slime.
You worshipped Dithmenos.
Dithmenos was exalted by your worship.
You visited 11 branches of the dungeon, and saw 50 of its levels.
You visited 1 bazaar.
You also visited: Trove, Bailey, Gauntlet and Ice Cave.

You collected 9717 gold pieces.
You spent 8228 gold pieces at shops.

Inventory:

Hand Weapons
 a - the +12 pair of quick blades "Gyre" and "Gimble" (weapon) {protect}
   (You bought it in a shop on level 2 of the Orcish Mines)

   It grants its wielder temporary protection when it strikes (+7 to AC).
 i - the +8 Vampire's Tooth {vamp}
   (You found it on level 3 of the Vaults)

   It occasionally heals its wielder for the full amount of damage dealt when it
   wounds a living foe.
 A - a +7 short sword of chaos
Armour
 n - a +2 pair of boots of rampaging (worn)
 E - a +2 robe of willpower (worn)
 F - a +2 cloak of poison resistance (worn)
 T - a +2 pair of gloves of dexterity (worn)
Jewellery
 e - the ring "Uschuesac" (right hand) {EV+4 Dex+4}
   (You found it on level 3 of the Elven Halls)

   [ring of evasion]

   EV:        It affects your evasion (+4).
   Dex:       It affects your dexterity (+4).
 l - the amulet "Xyficoz" {Spirit +Inv rF- Str+4 Dex+3 Stlth+}
   (You bought it in a shop on level 3 of the Snake Pit)

   [amulet of guardian spirit]

   It causes incoming damage to be divided between your reserves of health and
   magic.
   Str:       It affects your strength (+4).
   Dex:       It affects your dexterity (+3).
   rF:        It makes you vulnerable to fire.
   +Inv:      It lets you turn invisible.
   Stlth:     It makes you more stealthy.
 t - the amulet of Vasm (around neck) {Spirit Will+ Dex+2 SInv Stlth-}
   (You found it in a treasure trove)

   [amulet of guardian spirit]

   It causes incoming damage to be divided between your reserves of health and
   magic.
   Dex:       It affects your dexterity (+2).
   SInv:      It lets you see invisible.
   Will:      It increases your willpower.
   Stlth:     It makes you less stealthy.
 v - the ring "Digeopes" {MP+9 Int+3 Dex+6}
   (You found it on level 3 of the Elven Halls)

   [ring of dexterity]

   Int:       It affects your intelligence (+3).
   Dex:       It affects your dexterity (+6).
   MP:        It affects your magic capacity (+9).
 H - the amulet of Gyofeito {Acrobat rF+ rC+ MP-9 SInv}
   (You found it in a treasure trove)

   [amulet of the acrobat]

   It increases your evasion while moving and waiting.
   rF:        It protects you from fire.
   rC:        It protects you from cold.
   MP:        It affects your magic capacity (-9).
   SInv:      It lets you see invisible.
 I - the ring of Firphulau {Fly rC+ SInv}
   (You found it on level 3 of the Elven Halls)

   [ring of see invisible]

   rC:        It protects you from cold.
   SInv:      It lets you see invisible.
   Fly:       It grants you flight.
 J - a ring of protection from fire
 S - a ring of resist corrosion
 Y - the ring of Autumn (left hand) {Int+4 Dex+6 Slay+3}
   (You found it in a Gauntlet)

   [ring of dexterity]

   Int:       It affects your intelligence (+4).
   Dex:       It affects your dexterity (+6).
   Slay:      It affects your accuracy & damage with ranged weapons and melee
   (+3).
Wands
 p - a wand of iceblast (30)
 s - a wand of mindburst (66)
 C - a wand of digging (13)
 O - a wand of paralysis (7)
 U - a wand of acid (9)
Scrolls
 g - 10 scrolls of fog
 h - 12 scrolls of teleportation
 r - 7 scrolls of vulnerability
 y - 3 scrolls of magic mapping
 D - a scroll of summoning
 G - 11 scrolls of blinking
 M - 3 scrolls of enchant armour
 N - 2 scrolls of fear
 P - a scroll of brand weapon
 Q - 3 scrolls of immolation
 R - a scroll of torment
Potions
 b - 5 potions of berserk rage
 c - 5 potions of ambrosia
 d - 7 potions of heal wounds
 f - 12 potions of flight
 j - 10 potions of brilliance
 k - 27 potions of curing
 m - 14 potions of mutation
 o - 11 potions of haste
 q - 7 potions of attraction
 u - 3 potions of resistance
 w - 5 potions of invisibility
 x - 8 potions of magic
 z - 4 potions of cancellation
 K - 9 potions of might
 X - 9 potions of lignification
Miscellaneous
 V - the horn of Geryon
 W - a box of beasts (inert)
 Z - a phantom mirror


   Skills:
 - Level 20.6 Fighting
 - Level 20.6 Short Blades
 - Level 23.5 Dodging
 - Level 26.8 Stealth
 - Level 16.9 Spellcasting
 * Level 23.9 Invocations
 - Level 19.8 Evocations


You had 56 spell levels left.
You knew the following spells:

 Your Spells              Type           Power      Damage    Failure   Level
a - Apportation           Tloc           26%        N/A       4%          1
b - Blink                 Tloc           26%        N/A       7%          2

Your spell library contained the following spells:

 Spells                   Type           Power      Damage    Failure   Level
 Animate Skeleton         Necr           26%        N/A       4%          1
 Beastly Appendage        Tmut           26%        N/A       4%          1
 Magic Dart               Conj           52%        1d5       4%          1
 Slow                     Hex            52%        N/A       4%          1
 Summon Small Mammal      Summ           52%        N/A       4%          1
 Corpse Rot               Necr/Air       26%        N/A       7%          2
 Ensorcelled Hibernation  Hex/Ice        26%        N/A       7%          2
 Poisonous Vapours        Pois/Air       26%        N/A       7%          2
 Scorch                   Fire           26%        2d6       7%          2
 Searing Ray              Conj           26%        2d5       7%          2
 Static Discharge         Conj/Air       13%        N/A       7%          2
 Sublimation of Blood     Necr           13%        N/A       7%          2
 Wereblood                Tmut           13%        N/A       7%          2
 Call Canine Familiar     Summ           13%        N/A       14%         3
 Confusing Touch          Hex            13%        N/A       14%         3
 Dazzling Flash           Conj/Hex       26%        N/A       14%         3
 Gell's Gravitas          Tloc           13%        N/A       14%         3
 Ignite Poison            Fire/Tmut/Pois 13%        N/A       14%         3
 Inner Flame              Hex/Fire       13%        N/A       14%         3
 Mephitic Cloud           Conj/Pois/Air  13%        N/A       14%         3
 Ozocubu's Armour         Ice            13%        N/A       14%         3
 Portal Projectile        Hex/Tloc       26%        N/A       14%         3
 Spider Form              Tmut/Pois      13%        N/A       14%         3
 Stone Arrow              Conj/Erth      26%        3d8       14%         3
 Summon Guardian Golem    Hex/Summ       13%        N/A       14%         3
 Teleport Other           Tloc           13%        N/A       14%         3
 Vampiric Draining        Necr           13%        2d6       14%         3
 Airstrike                Air            6%         N/A       41%         4
 Anguish                  Hex/Necr       6%         N/A       41%         4
 Animate Armour           Summ/Erth      26%        N/A       41%         4
 Animate Dead             Necr           6%         N/A       41%         4
 Cause Fear               Hex            6%         N/A       41%         4
 Dispel Undead            Necr           13%        3d9       41%         4
 Flame Wave               Conj/Fire      13%        2d6       41%         4
 Fulminant Prism          Conj/Hex       6%         3d7       41%         4
 Ice Form                 Ice/Tmut       13%        N/A       41%         4
 Iskenderun's Mystic Bla  Conj/Tloc      13%        2d5       41%         4
 Leda's Liquefaction      Hex/Erth       6%         N/A       41%         4
 Passage of Golubria      Tloc           13%        N/A       41%         4
 Petrify                  Tmut/Erth      13%        N/A       41%         4
 Sticky Flame             Conj/Fire      13%        2d4       41%         4
 Summon Ice Beast         Ice/Summ       13%        N/A       41%         4
 Summon Lightning Spire   Summ/Air       13%        N/A       41%         4
 Alistair's Intoxication  Tmut/Pois      8%         N/A       77%         5
 Borgnjor's Vile Clutch   Necr/Erth      6%         N/A       77%         5
 Freezing Cloud           Conj/Ice/Air   6%         6-21      77%         5
 Iskenderun's Battlesphe  Conj           13%        2d7       77%         5
 Lee's Rapid Deconstruct  Erth           6%         3d7*      77%         5
 Metabolic Englaciation   Hex/Ice        6%         N/A       77%         5
 Summon Forest            Summ/Tloc      6%         N/A       77%         5
 Summon Mana Viper        Hex/Summ       13%        N/A       77%         5
 Yara's Violent Unravell  Hex/Tmut       6%         3d5       77%         5
 Conjure Ball Lightning   Conj/Air       6%         3x3d6     100%        6
 Death Channel            Necr           6%         N/A       100%        6
 Dispersal                Tloc           6%         N/A       100%        6
 Iron Shot                Conj/Erth      6%         9d2       100%        6
 Simulacrum               Ice/Necr       6%         N/A       100%        6
 Starburst                Conj/Fire      6%         6d4       100%        6
 Statue Form              Tmut/Erth      8%         N/A       100%        6
 Summon Cactus Giant      Summ           6%         N/A       100%        6
 Enfeeble                 Hex            6%         N/A       100%        7
 Haunt                    Necr/Summ      6%         N/A       100%        7
 Malign Gateway           Summ/Tloc      6%         N/A       100%        7
 Monstrous Menagerie      Summ           6%         N/A       100%        7
 Spellforged Servitor     Conj/Summ      6%         N/A       100%        7
 Summon Hydra             Summ           6%         N/A       100%        7
 Borgnjor's Revivificati  Necr           6%         N/A       100%        8
 Discord                  Hex            6%         N/A       100%        8
 Disjunction              Tloc           6%         N/A       100%        8
 Infestation              Necr           6%         N/A       100%        8
 Necromutation            Tmut/Necr      6%         N/A       100%        8
 Chain Lightning          Conj/Air       6%         3d8       100%        9
 Death's Door             Necr           6%         N/A       100%        9
 Polar Vortex             Ice            6%         N/A       100%        9


Dungeon Overview and Level Annotations

Branches:
Dungeon (15/15)            Temple (1/1) D:5            Lair (6/6) D:8
  Swamp (4/4) Lair:4        Snake (4/4) Lair:2        Slime (5/5) Lair:6
    Orc (2/2) D:12            Elf (3/3) Orc:2        Vaults (5/5) D:14
  Crypt (0/3) Vaults:2     Depths (4/4) D:15           Hell (visited)
    Dis (0/7) Hell            Geh (0/7) Hell            Coc (0/7) Hell
    Tar (0/7) Hell            Zot (0/5) Depths:4     Bailey (visited)
  IceCv (visited)         Gauntlet (visited)

Altars:
Ashenzari
Cheibriados
Dithmenos
Elyvilon
Fedhas
Gozag
Hepliaklqana
Kikubaaqudgha
Makhleb
Nemelex Xobeh
Okawaru
Qazlal
Ru
Sif Muna
Trog
Uskayaw
Vehumet
Wu Jian
Xom
Yredelemnul
Zin
The Shining One
Jiyva

Shops:
D:12 (   D:14 =![[(   Orc:1 *   Orc:2 [:[(   Elf:3 [   Snake:1 (   Snake:3 *==
Vaults:3 ?   Depths:1 :=:   Depths:2 :

Portals:
Hell: Depths:1 Depths:2 Depths:3 Depths:4
Abyss: Depths:1 Depths:3
Pandemonium: Depths:2 Depths:3
Ziggurat: Depths:1

Annotations:
D:6 3 runed translucent doors, JumbleTraveling's ghost, novice GrGl
D:8 exclusion: downstairs


Innate Abilities, Weirdness & Mutations

You are small and have problems with some larger weapons.
You are completely attuned to the shadows.
You are partially covered in iridescent scales. (AC +2)
You are weak. (Str -2)


Message History

The rockslime completely misses you.
Your elder weirdfire beast hits the rockslime!!
The rockslime completely misses you. x2
Unknown command.
The rockslime hits you!!
You stumble backwards!
Your elder weirdfire beast hits the rockslime but does no damage.
Unknown command.
The rockslime completely misses you.
The rockslime hits your elder weirdfire beast!
Your elder weirdfire beast stumbles backwards!
Your elder weirdfire beast hits the rockslime!!
Unknown command.
The rockslime completely misses you.
Unknown command.
The rockslime attacks as you move away! The rockslime completely misses you.
The rockslime closely misses you.
Your elder weirdfire beast hits the rockslime!!
Unknown command.
The rockslime hits you!!!
* * * LOW HITPOINT WARNING * * *
You stumble backwards!
Your elder weirdfire beast breathes flames at the rockslime.
The blast of flame hits the rockslime!
The rockslime resists.
The rockslime completely misses you.
Unknown command.
You hit the rockslime but do no damage.
Your weapon exudes an aura of protection.
You hit the rockslime but do no damage.
Your shadow hits the rockslime but does no damage.
Unknown command.
You puncture the rockslime! You barely miss the rockslime.
Your shadow barely misses the rockslime.
Unknown command.
The rockslime attacks as you move away! The rockslime hits you!!!
* * * LOW HITPOINT WARNING * * *
The rockslime hits your elder weirdfire beast!!!
Your elder weirdfire beast stumbles backwards!
Your elder weirdfire beast hits the rockslime!
The rockslime hits you!!
You die...

.............######.#####........
............###.##..##.###.......
............##..?#.##)[(###......
...........##)}.##..##(:.##......
..........##(.)......)}.[(###....
..........##).)...H...}|.[###....
.........####(..|.J..=..)###.....
..JJ......####..........####.....
...J.....##.....@J.........##....
....JJ......#.....=......#.......
JJJJJJ....####..........####.....
..JJJ....####?=.)....|...####....
§..JJ.....##.?=)......[)..###....
§J........##.."......"[.[?##.....
J§J§.......##?=)##..##.[?###.....
§J§§........##.))#.##[(.##.......
J§.§........###.##..##(##......§§


You could see 2 rockslimes and a friendly elder weirdfire beast (summoned).

Vanquished Creatures
  the Royal Jelly (Slime:5)
  Mennas (Vaults:3)
  A juggernaut (Depths:2)
  Bai Suzhen (Vaults:2)
  Vashnia (Snake:4)
  A caustic shrike (Depths:2)
  2 golden dragons
  Geryon (Hell)
  Jory (Vaults:2)
  A bone dragon (Swamp:4)
  4 tentacled monstrosities
  An Ice Fiend (IceCv)
  Mlioglotl (Swamp:3)
  Zenata (Vaults:4)
  Jorgrun (Orc:1)
  A titan (Depths:2)
  A tainted leviathan (Hell)
  2 quicksilver dragons (Depths:4)
  3 liches
  21 acid blobs
  4 sphinxes
  Gastronok (D:8)
  2 deep elf master archers (Elf:3)
  Frances (Snake:1)
  3 deep elf blademasters
  A shadow dragon (Depths:4)
  5 storm dragons (Depths:4)
  A thorn hunter (Swamp:4)
  4 tengu reavers
  6 rockslimes
  5 fire giants
  3 nagarajas
  8 azure jellies
  An orc warlord (Vaults:3)
  2 fenstrider witches (Swamp:2)
  5 frost giants
  15 vault wardens
  Louise (Depths:1)
  4 draconian monks (Depths:4)
  3 iron dragons
  8 deep elf sorcerers
  Aizul (Snake:1)
  A draconian scorcher (Depths:4)
  2 ghouls (Swamp:3)
  3 balrugs
  22 very ugly things
  7 quicksilver oozes
  A cacodemon (Hell)
  4 deep elf elementalists (Elf:3)
  3 draconian annihilators (Depths:4)
  16 ironbound preservers
  A war gargoyle (Hell)
  10 stone giants
  4 reapers (Hell)
  2 spriggan defenders (Depths:2)
  2 vampire knights
  7 deep elf demonologists
  Nessos (Orc:2)
  3 eleionomae
  A minotaur (Gauntlet)
  7 ironbound thunderhulks
  5 putrid mouths (Hell)
  3 entropy weavers
  4 purple draconians (Depths:4)
  4 green draconians (Depths:4)
  3 bunyips
  13 dire elephants
  4 white draconians (Depths:4)
  10 black draconians (Depths:4)
  9 deep elf annihilators
  2 lorocyprocas
  10 red draconians (Depths:4)
  6 spark wasps
  4 blizzard demons
  10 deep elf death magi
  A merfolk impaler (Depths:4)
  3 jiangshi (Depths:1)
  5 ettins
  11 yaktaur captains
  A crystal guardian (Vaults:4)
  A merfolk javelineer (Depths:4)
  A shambling mangrove (Swamp:3)
  8 fire dragons
  Harold (Lair:1)
  7 great orbs of eyes
  5 rakshasas
  6 boulder beetles
  4 deep elf high priests
  4 spriggan air magi
  13 ice dragons
  26 vault guards
  4 hydras
  5 ghost crabs
  A peacekeeper (Vaults:4)
  9 ironbound frosthearts
  A caustic shrike simulacrum (IceCv)
  2 salamander tyrants
  2 hell beasts (Depths:3)
  An anaconda (shapeshifter) (Depths:2)
  A stoker (Hell)
  13 centaur warriors
  15 anacondas
  A catoblepas (D:14)
  2 ogre magi
  12 alligators
  8 two-headed ogres
  32 dancing weapons
  5 deep troll earth magi
  4 death knights
  6 tengu warriors
  Erica (D:8)
  4 death yaks
  4 hell hogs (Hell)
  2 vampire magi
  10 naga warriors
  3 deep troll shamans
  A titan zombie (Vaults:3)
  Urug (Lair:1)
  8 naga sharpshooters
  Sonja (D:11)
  5 hell knights (Depths:2)
  4 orc high priests
  5 spriggan berserkers
  3 shock serpents
  20 deep elf knights
  14 sun demons
  An emperor scorpion zombie (Hell)
  4 soul eaters
  2 sixfirhies (Hell)
  4 iron trolls
  Amaemon (D:9)
  2 death drakes (Depths:4)
  8 goliath frogs
  2 salamander mystics (Snake:4)
  3 spriggan druids
  8 bog bodies
  5 swamp dragons
  2 flayed ghosts (Depths:3)
  54 deep trolls
  A spriggan simulacrum (IceCv)
  11 deep elf archers
  2 glowing orange brains
  2 spectral hydras (Swamp:4)
  3 naga ritualists
  2 phantasmal warriors
  2 obsidian statues (IceCv)
  An orc knight (Orc:1)
  12 ironbound convokers
  8 lindwurms
  2 wizards
  41 deep elf pyromancers
  22 deep elf zephyrmancers
  5 orc sorcerers
  5 harpies (Vaults:3)
  5 mana vipers
  3 cyclopes
  9 necromancers
  30 ugly things
  A stone giant zombie (Hell)
  3 oklob plants (Lair:5)
  4 will-o-the-wisps (Swamp:2)
  3 manticores
  Pikel (D:5)
  6 shining eyes
  10 elephants
  Joseph (D:7)
  A fire giant skeleton (Depths:1)
  21 black mambas
  15 salamanders
  Maurice (D:8)
  17 vault sentinels
  A stone giant skeleton (Vaults:3)
  6 torpor snails
  An orange demon (D:9)
  18 naga magi
  A centaur skeleton (Hell)
  5 rust devils
  2 smoke demons (Hell)
  An unseen horror (D:10)
  5 eyes of devastation
  9 guardian serpents
  Maggie (D:9)
  14 cane toads
  5 gargoyles
  A demonic crawler (Hell)
  8 komodo dragons
  46 yaktaurs
  An efreet (D:15)
  3 rime drakes (Lair:6)
  Psyche (D:10)
  5 swamp worm zombies (Swamp:4)
  2 kobold demonologists (D:13)
  A yaktaur (shapeshifter) (Lair:6)
  7 freezing wraiths
  2 tengu conjurers (Depths:2)
  2 hydra zombies (Swamp:4)
  A yaktaur skeleton (Vaults:3)
  2 ice devils
  A yaktaur zombie (Vaults:3)
  2 human skeletons (Vaults:3)
  5 golden dragon simulacra (IceCv)
  A queen bee (Gauntlet)
  9 trolls
  10 tyrant leeches
  3 polar bears
  A harpy zombie (Hell)
  A sphinx simulacrum (Vaults:3)
  3 bloated husks
  147 slime creatures
  A wolf spider simulacrum (D:12)
  3 spectral swamp dragons (Swamp:4)
  20 hornets
  16 blink frogs
  3 alligator zombies (Swamp:4)
  A fire dragon zombie (Hell)
  Sigmund (D:3)
  A fire giant simulacrum (Depths:1)
  2 air elementals
  9 water elementals
  A black mamba zombie (Hell)
  A centaur simulacrum (D:14)
  16 spriggans
  6 wyverns
  64 yaks
  A dire elephant simulacrum (Hell)
  2 wraiths
  2 vampires
  An elf zombie (Vaults:3)
  A spriggan skeleton (Depths:1)
  A ynoxinul (Depths:2)
  3 basilisks
  A human (shapeshifter) (Orc:2)
  3 fire elementals
  A human (D:14)
  2 golden eyes
  A steam dragon (Lair:6)
  Grum (D:9)
  5 redbacks
  16 vampire mosquitoes
  Menkaure (D:5)
  12 swamp worms
  2 acid dragons
  3 hydra simulacra (IceCv)
  30 nagas
  13 water moccasins
  3 hell hounds (Hell)
  An ogre skeleton (Vaults:3)
  4 floating eyes
  An elf simulacrum (Vaults:3)
  27 orc warriors
  6 swamp drakes
  4 sky beasts
  An alligator simulacrum (IceCv)
  4 black bears
  2 ettin simulacra (IceCv)
  3 human zombies (Vaults:3)
  The ghost of zishaf the Bolt Thrower, an amateur DgWn (D:3)
  5 swamp dragon zombies (Swamp:4)
  6 ogres
  A boggart (Vaults:1)
  39 wolves
  9 centaurs
  3 phantoms (Swamp:4)
  2 kobold brigands
  Blork the orc (D:5)
  15 bullfrogs
  2 necrophages
  3 scorpions
  A deep troll simulacrum (IceCv)
  5 earth elementals
  A wight (D:4)
  5 electric eels
  4 howler monkeys
  4 hounds
  25 orc priests
  3 jellies
  6 iguanas
  46 orc wizards
  A spectral swamp drake (Swamp:4)
  A hound skeleton (D:8)
  8 gnolls (Bailey)
  9 adders
  2 swamp drake zombies (Swamp:4)
  An ufetubus (D:4)
  5 worms
  A dart slug (D:5)
  110 orcs
  15 ball pythons
  3 endoplasms
  5 giant cockroaches
  7 goblins
  9 hobgoblins
  A jackal (D:1)
  5 quokkas
  6 bats
  4 frilled lizards
  14 kobolds
  6 rats
  2 fire vortices (Hell)
  A plant (Depths:4)
2008 creatures vanquished.

Vanquished Creatures (collateral kills)
  A quicksilver ooze (Slime:5)
1 creature vanquished.

Vanquished Creatures (others)
  A deep elf sorcerer (Elf:3)
  A deep elf demonologist (Elf:3)
  3 deep elf annihilators (Elf:3)
  4 bloated husks
  A phantom (Swamp:4)
  An orc wizard (Orc:2)
  18 fungi
  87 plants
116 creatures vanquished.

Grand Total: 2125 creatures vanquished

Notes
Turn   | Place    | Note
-------+----------+-------------------------------------------
     0 | D:1      | holysushi the Kobold Monk began the quest for the Orb.
     0 | D:1      | Reached XP level 1. HP: 14/14 MP: 1/1
   337 | D:1      | Reached XP level 2. HP: 12/19 MP: 2/2
   482 | D:1      | Found a faded altar of an unknown god.
   796 | D:1      | Reached XP level 3. HP: 11/24 MP: 3/3
   806 | D:1      | Reached skill level 5 in Short Blades
  2180 | D:2      | Reached XP level 4. HP: 28/29 MP: 4/4
  2333 | D:2      | Reached XP level 5. HP: 33/33 MP: 5/5
  3267 | D:3      | Noticed Sigmund
  3304 | D:3      | Reached XP level 6. HP: 17/39 MP: 6/6
  3658 | D:3      | Found a runed translucent door.
  3739 | D:3      | Noticed zishaf's ghost (amateur DgWn)
  3817 | D:3      | Killed Sigmund
  3818 | D:3      | Reached skill level 5 in Fighting
  3818 | D:3      | Reached skill level 5 in Dodging
  3818 | D:3      | Reached skill level 3 in Stealth
  3818 | D:3      | Reached XP level 7. HP: 44/44 MP: 7/7
  3953 | D:3      | Killed zishaf's ghost
  3954 | D:3      | Reached skill level 4 in Stealth
  4546 | D:4      | Reached XP level 8. HP: 50/50 MP: 8/8
  4743 | D:4      | Reached skill level 5 in Stealth
  5097 | D:5      | Entered Level 5 of the Dungeon
  5132 | D:5      | Found a staircase to the Ecumenical Temple.
  5191 | Temple   | Entered the Ecumenical Temple
  5770 | Temple   | Became a worshipper of Dithmenos the Shadowed
  5770 | Temple   | Reached * piety under Dithmenos
  5770 | Temple   | Reached ** piety under Dithmenos
  5910 | D:5      | Noticed Blork the orc
  5913 | D:5      | Killed Blork the orc
  5997 | D:5      | Reached skill level 6 in Stealth
  6241 | D:5      | Reached XP level 9. HP: 56/56 MP: 9/9
  6249 | D:5      | Noticed Menkaure
  6253 | D:5      | Killed Menkaure
  6255 | D:5      | Noticed Pikel
  6270 | D:5      | Killed Pikel
  7290 | D:6      | Found a runed translucent gate.
  7291 | D:6      | Found a runed translucent gate.
  7292 | D:6      | Found a runed translucent gate.
  7654 | D:6      | Noticed JumbleTraveling's ghost (novice GrGl)
  7700 | D:7      | Reached skill level 10 in Dodging
  7711 | D:7      | Found a flagged portal.
  7728 | Bailey   | Entered a bailey
  7900 | Bailey   | Reached skill level 1 in Evocations
  8051 | Bailey   | Reached *** piety under Dithmenos
  8227 | D:7      | Reached skill level 10 in Short Blades
  8227 | D:7      | Reached XP level 10. HP: 64/64 MP: 10/10
  8652 | D:7      | Noticed Joseph
  8654 | D:7      | Killed Joseph
  8844 | D:7      | Got the Collected Works on Summoning and Confrontation
  9099 | D:8      | Noticed Erica
  9102 | D:8      | Killed Erica
  9127 | D:8      | Noticed Gastronok
  9146 | D:8      | Killed Gastronok
  9147 | D:8      | Reached skill level 5 in Evocations
  9423 | D:8      | Found a burning altar of Makhleb.
  9491 | D:8      | Reached XP level 11. HP: 65/69 MP: 11/11
  9495 | D:8      | Noticed a two-headed ogre
  9520 | D:8      | Killed a two-headed ogre
  9810 | D:8      | Noticed a two-headed ogre
 10026 | D:8      | Found a staircase to the Lair.
 10042 | D:8      | Noticed Maurice
 10078 | D:8      | Killed Maurice
 10285 | D:8      | Killed a two-headed ogre
 10764 | Lair:1   | Entered Level 1 of the Lair of Beasts
 10800 | D:9      | Noticed Amaemon
 10802 | D:9      | Killed Amaemon
 10812 | D:9      | Reached skill level 7 in Stealth
 10950 | D:9      | Noticed Grum
 11048 | D:9      | Reached **** piety under Dithmenos
 12062 | Lair:1   | Noticed Urug
 12064 | Lair:1   | Killed Urug
 12065 | Lair:1   | Reached skill level 8 in Stealth
 12133 | Lair:1   | Reached XP level 12. HP: 77/77 MP: 12/12
 12363 | Lair:1   | Noticed Harold
 12366 | Lair:1   | Killed Harold
 12433 | Lair:1   | Reached skill level 10 in Fighting
 12793 | Lair:2   | Found a staircase to the Snake Pit.
 12911 | Lair:2   | Reached skill level 9 in Stealth
 13084 | Lair:2   | Identified 3 scrolls of acquirement
 13100 | Lair:2   | Reached ***** piety under Dithmenos
 13104 | Lair:2   | Acquired a manual of Stealth
 13106 | Lair:2   | Acquired 1140 gold pieces
 13108 | Lair:2   | Acquired a manual of Short Blades
 13172 | Lair:2   | Reached skill level 10 in Stealth
 13196 | Lair:2   | Reached skill level 15 in Dodging
 14067 | Lair:3   | Reached XP level 13. HP: 84/84 MP: 13/13
 14229 | Lair:3   | Identified the +1 scale mail "Fyaxikk" {Int+4 Slay-4}
 14941 | Lair:4   | Reached skill level 15 in Short Blades
 14980 | Lair:4   | Noticed a four-headed hydra
 14983 | Lair:4   | Killed a four-headed hydra
 14984 | Lair:4   | Reached skill level 11 in Stealth
 15443 | Lair:4   | Identified the +3 hand crossbow "Qaruyblo" {penet, rC-
                  | Dex+4}
 15454 | Lair:4   | Noticed a boulder beetle
 15461 | Lair:4   | Killed a boulder beetle
 15685 | Lair:4   | Found a staircase to the Swamp.
 15696 | Lair:4   | Reached skill level 12 in Stealth
 15925 | Lair:5   | Reached skill level 17 in Stealth
 15925 | Lair:5   | Reached XP level 14. HP: 91/91 MP: 14/14
 16128 | Lair:5   | Reached skill level 18 in Stealth
 16128 | Lair:5   | Paralysed by a floating eye for 4 turns
 16690 | Lair:4   | Reached XP level 15. HP: 75/96 MP: 15/15
 17965 | Lair:6   | Entered Level 6 of the Lair of Beasts
 18836 | Lair:6   | Found a staircase to the Slime Pits.
 18842 | Lair:6   | Reached skill level 19 in Stealth
 18973 | Lair:6   | Found a runed translucent door.
 19024 | Lair:6   | Acquired 924 gold pieces
 19124 | Lair:6   | Reached ****** piety under Dithmenos
 19314 | Lair:6   | Identified the +6 scale mail of the Equinox {+Inv rElec
                  | Dex+6}
 20465 | D:9      | Noticed Maggie
 20467 | D:9      | Killed Maggie
 20685 | D:9      | Killed Grum
 21194 | D:10     | Entered Level 10 of the Dungeon
 21406 | D:10     | Noticed Psyche
 21410 | D:10     | Killed Psyche
 22200 | D:11     | Reached skill level 20 in Stealth
 22243 | D:11     | Noticed Sonja
 22246 | D:11     | Killed Sonja
 23201 | D:12     | Found a gate leading to a gauntlet.
 23206 | Gauntlet | Entered a Gauntlet
 23245 | Gauntlet | Found a transporter.
 23295 | Gauntlet | Found a transporter.
 23309 | Gauntlet | Found a transporter.
 23348 | Gauntlet | Noticed a balrug
 23361 | Gauntlet | Found a transporter.
 23397 | Gauntlet | Found a transporter.
 23397 | Gauntlet | Found a transporter.
 23506 | Gauntlet | Reached XP level 16. HP: 105/105 MP: 16/16
 23656 | Gauntlet | Found a transporter.
 23671 | Gauntlet | Found a transporter.
 23708 | Gauntlet | Identified the ring of Autumn {Int+4 Dex+6 Slay+3}
 23965 | D:12     | Found a staircase to the Orcish Mines.
 23965 | D:12     | Found Nyfaerap's Weapon Shop.
 24483 | D:12     | Reached skill level 1 in Invocations
 24589 | Orc:1    | Entered Level 1 of the Orcish Mines
 24728 | Orc:2    | Entered Level 2 of the Orcish Mines
 24728 | Orc:2    | Noticed Nessos
 24733 | Orc:2    | Killed Nessos
 24849 | Orc:2    | Found Inwabb's Antique Armour Shoppe.
 24850 | Orc:2    | Found Fanucode's Antique Weapon Shoppe.
 25233 | Orc:2    | Found Vilebrum's Book Emporium.
 25240 | Orc:2    | Found Peidehyg's Armour Emporium.
 25247 | Orc:2    | Bought the +12 pair of quick blades "Gyre" and "Gimble"
                  | {protect} for 2380 gold pieces
 25247 | Orc:2    | Found the +12 pair of quick blades "Gyre" and "Gimble"
                  | {protect}
 25254 | Orc:2    | Bought a jewelled leather armour for 224 gold pieces
 25254 | Orc:2    | Identified the +1 leather armour "Siph" {Int+5} (You bought
                  | it in a shop on level 2 of the Orcish Mines)
 25256 | Orc:2    | Bought a transparent ring mail for 288 gold pieces
 25256 | Orc:2    | Identified the +2 ring mail of Parlour Games {Will+} (You
                  | bought it in a shop on level 2 of the Orcish Mines)
 25270 | Orc:2    | Bought a +2 pair of gloves for 247 gold pieces
 25560 | Orc:2    | Found a staircase to the Elven Halls.
 25987 | Orc:1    | Found Naoqia's General Store.
 25993 | Orc:1    | Bought a scroll of teleportation for 39 gold pieces
 26096 | Orc:1    | Noticed Jorgrun
 26106 | Orc:1    | Killed Jorgrun
 26281 | Elf:1    | Entered Level 1 of the Elven Halls
 26341 | Elf:1    | Identified the +0 scale mail of Lilacs {rPois rC+}
 26385 | Elf:1    | Noticed a deep elf sorcerer
 26392 | Elf:1    | Killed a deep elf sorcerer
 26412 | Elf:1    | Reached skill level 15 in Fighting
 26620 | Elf:1    | Reached XP level 17. HP: 113/113 MP: 20/20
 26846 | Elf:1    | Reached skill level 5 in Invocations
 27431 | Elf:2    | Found a flickering gateway to a bazaar.
 27438 | Bazaar   | Entered a bazaar
 27440 | Bazaar   | Found Rannurr's Antique Armour Shoppe.
 27463 | Bazaar   | Found Efepoefi's Book Boutique.
 27478 | Bazaar   | Found Vomuru's General Store.
 27499 | Bazaar   | Found Esichuh's Antique Weapon Emporium.
 27510 | Bazaar   | Found Uklen's Distillery.
 27515 | Bazaar   | Bought a potion of curing for 27 gold pieces
 27515 | Bazaar   | Bought a potion of berserk rage for 45 gold pieces
 27515 | Bazaar   | Bought a potion of heal wounds for 45 gold pieces
 27515 | Bazaar   | Bought a potion of heal wounds for 45 gold pieces
 27515 | Bazaar   | Bought a potion of haste for 90 gold pieces
 27515 | Bazaar   | Bought a potion of curing for 27 gold pieces
 27515 | Bazaar   | Bought a potion of haste for 90 gold pieces
 27574 | Bazaar   | Bought a potion of mutation for 128 gold pieces
 27880 | Elf:2    | Found a runed translucent gate.
 27880 | Elf:2    | Found a runed translucent gate.
 27880 | Elf:2    | Found a runed translucent gate.
 28289 | Elf:2    | Noticed a deep elf blademaster
 28295 | Elf:2    | Killed a deep elf blademaster
 28348 | Elf:2    | Reached XP level 18. HP: 91/122 MP: 16/23
 28996 | Elf:3    | Entered Level 3 of the Elven Halls
 29211 | Elf:3    | Found Kiumeutz's Armour Boutique.
 29215 | Elf:3    | Bought a +2 pair of gloves of dexterity for 322 gold pieces
 29402 | Elf:3    | Reached skill level 21 in Stealth
 29860 | Elf:3    | Noticed a deep elf master archer
 29861 | Elf:3    | Noticed a deep elf master archer
 29875 | Elf:3    | Noticed a deep elf blademaster
 29886 | Elf:3    | Killed a deep elf master archer
 29888 | Elf:3    | Noticed a deep elf blademaster
 29899 | Elf:3    | Killed a deep elf blademaster
 29906 | Elf:3    | Killed a deep elf blademaster
 29907 | Elf:3    | Killed a deep elf master archer
 29948 | Elf:3    | Noticed a Tzitzimitl
 29973 | Elf:3    | Reached XP level 19. HP: 105/130 MP: 16/25
 30136 | Elf:3    | Identified the ring of Firphulau {Fly rC+ SInv}
 30161 | Elf:3    | Got the Tome of Ice
 30178 | Elf:3    | Identified the ring "Uschuesac" {EV+4 Dex+4}
 30181 | Elf:3    | Found the +3 sling "Punk" {acid, rCorr}
 30191 | Elf:3    | Got the Handbook of Nihilism
 30209 | Elf:3    | Identified the ring "Digeopes" {MP+9 Int+3 Dex+6}
 30224 | Elf:3    | Got the Catalogue of Curses and Shape Shifting
 30911 | Snake:1  | Entered Level 1 of the Snake Pit
 30918 | Snake:1  | Found Jiolof's Antique Weapon Boutique.
 31009 | Snake:1  | Noticed Frances
 31024 | Snake:1  | Killed Frances
 31231 | Snake:1  | Noticed Aizul
 31233 | Snake:1  | Killed Aizul
 32177 | Snake:2  | Identified the +2 robe of the Realm of Zot {Will+}
 32872 | Snake:2  | Reached skill level 22 in Stealth
 33519 | Snake:3  | Found Maxatycw's Book Emporium.
 33522 | Snake:3  | Found Utuaf's Jewellery Shoppe.
 33523 | Snake:3  | Found Qot Annu's Jewellery Emporium.
 33526 | Snake:3  | Found Jabottir's General Store.
 33539 | Snake:3  | Bought the amulet "Xyficoz" {Spirit +Inv rF- Str+4 Dex+3
                  | Stlth+} for 872 gold pieces
 34052 | Snake:4  | Entered Level 4 of the Snake Pit
 34122 | Snake:4  | Reached skill level 1 in Spellcasting
 34201 | Snake:4  | Found a hazy altar of Hepliaklqana.
 34649 | Snake:4  | Reached skill level 5 in Spellcasting
 34683 | Snake:4  | Reached XP level 20. HP: 116/137 MP: 24/29
 34762 | Snake:4  | Noticed Vashnia
 34804 | Snake:4  | Killed Vashnia
 34996 | Snake:4  | Got a serpentine rune of Zot
 35285 | Swamp:1  | Entered Level 1 of the Swamp
 35392 | Swamp:1  | Noticed a tentacled monstrosity
 35402 | Swamp:1  | Killed a tentacled monstrosity
 35952 | Swamp:2  | Reached skill level 10 in Spellcasting
 36042 | Swamp:2  | Paralysed by a fenstrider witch for 5 turns
 37036 | Swamp:3  | Found a frozen archway.
 37045 | IceCv    | Entered an ice cave
 37353 | IceCv    | Noticed an Ice Fiend
 37356 | IceCv    | Killed an Ice Fiend
 37804 | Swamp:3  | Noticed Mlioglotl
 37809 | Swamp:3  | Killed Mlioglotl
 37810 | Swamp:3  | Reached XP level 21. HP: 143/143 MP: 38/38
 38052 | Swamp:4  | Entered Level 4 of the Swamp
 38311 | Swamp:4  | Identified the +10 dagger "Loeggear" {pain, *Slow rElec
                  | Int+4}
 38706 | Swamp:4  | Noticed a bone dragon
 38712 | Swamp:4  | Killed a bone dragon
 38723 | Swamp:4  | Got a decaying rune of Zot
 38821 | Swamp:4  | Identified the +4 shortbow of the Purse {speed, Contam rC+
                  | rN+ Will+}
 38992 | Swamp:4  | Learned a level 1 spell: Apportation
 38995 | Swamp:4  | Learned a level 2 spell: Blink
 38995 | Swamp:4  | Upgraded the game from 0.29-a0-375-g5102b3be25 to
                  | 0.29-a0-378-gc08b2e8bf8
 39290 | Slime:1  | Entered Level 1 of the Pits of Slime
 39629 | Slime:1  | Reached skill level 15 in Spellcasting
 40038 | Slime:2  | Reached skill level 10 in Invocations
 40123 | Slime:1  | Gained mutation: You are weak. (Str -2) [a shining eye]
 42605 | Slime:4  | Reached XP level 22. HP: 145/148 MP: 39/41
 43586 | Slime:5  | Entered Level 5 of the Pits of Slime
 43827 | Slime:5  | Found a viscous altar of Jiyva.
 43829 | Slime:5  | Noticed the Royal Jelly
 44143 | Slime:4  | Reached skill level 15 in Invocations
 46122 | D:14     | Found Sigal's Distillery.
 46127 | D:14     | Bought a potion of berserk rage for 60 gold pieces
 46127 | D:14     | Bought a potion of haste for 120 gold pieces
 46129 | D:14     | Bought a potion of curing for 36 gold pieces
 46129 | D:14     | Bought a potion of curing for 36 gold pieces
 46194 | D:14     | Found Kath's Antique Armour Emporium.
 46204 | D:14     | Bought a glowing cloak for 225 gold pieces
 46204 | D:14     | Bought a jet-encrusted leather armour for 210 gold pieces
 46204 | D:14     | Identified the +0 leather armour of Indecent Exposure
                  | {rElec Int+4 Dex-5} (You bought it in a shop on level 14 of
                  | the Dungeon)
 46287 | D:14     | Found a gate to the Vaults.
 46422 | D:14     | Found Feussi's Weapon Boutique.
 46564 | D:14     | Found Wahylek's Jewellery Boutique.
 46723 | D:14     | Found a stormy altar of Qazlal.
 46777 | D:14     | Found Imalumoo's Antique Armour Shop.
 46782 | D:14     | Bought a transparent ring mail for 216 gold pieces
 46782 | D:14     | Identified the +0 ring mail of the Wicked God {+Blink rN+
                  | Will+ Str+2} (You bought it in a shop on level 14 of the
                  | Dungeon)
 47051 | D:15     | Entered Level 15 of the Dungeon
 47727 | D:15     | Found a staircase to the Depths.
 47974 | D:15     | Identified the +3 leather armour of the Unseen Realm {-Cast
                  | Harm Will+++ Dex-5}
 48016 | Vaults:1 | Entered Level 1 of the Vaults
 48148 | Vaults:1 | Reached skill level 10 in Evocations
 48643 | Vaults:1 | Reached XP level 23. HP: 156/156 MP: 42/42
 49559 | Vaults:2 | Found a staircase to the Crypt.
 49819 | Vaults:2 | Noticed Bai Suzhen
 49868 | Vaults:2 | Killed Bai Suzhen
 50215 | Vaults:2 | Noticed Jory
 50800 | Vaults:2 | Killed Jory
 51552 | Vaults:3 | Identified the +1 scale mail "Arpha" {rN+ Regen+ Int+3
                  | Dex-3}
 51725 | Vaults:3 | Reached XP level 24. HP: 160/164 MP: 43/43
 51903 | Vaults:3 | Noticed Mennas
 51906 | Vaults:3 | Killed Mennas
 52172 | Vaults:3 | Found Calah's Magic Scroll Boutique.
 52177 | Vaults:3 | Bought a scroll of acquirement for 936 gold pieces
 52177 | Vaults:3 | Acquired a manual of Evocations
 52953 | Vaults:3 | Found the +8 Vampire's Tooth {vamp}
 54163 | Vaults:4 | Noticed Zenata
 54167 | Vaults:4 | Killed Zenata
 55085 | Vaults:5 | Entered Level 5 of the Vaults
 55621 | Depths:1 | Entered Level 1 of the Depths
 55927 | Depths:1 | Paralysed by a sphinx for 2 turns
 56009 | Depths:1 | Reached XP level 25. HP: 146/160 MP: 43/43
 56169 | Depths:1 | Identified the +3 tower shield of the Sun {rElec Will++
                  | Str-4 Dex+4}
 56169 | Depths:1 | Noticed Louise
 56175 | Depths:1 | Found a one-way gate to the infinite horrors of the Abyss.
 56180 | Depths:1 | Killed Louise
 56493 | Depths:1 | Found a one-way gateway to a ziggurat.
 56534 | Depths:1 | Found Ydoecux's Book Emporium.
 56534 | Depths:1 | Found Xurimul's Book Emporium.
 56535 | Depths:1 | Found Xonlus's Jewellery Shop.
 56746 | Depths:1 | Found a gateway to Hell.
 56932 | Depths:2 | Found a one-way gate leading to the halls of Pandemonium.
 57102 | Depths:2 | Identified the +0 pair of gloves "Kaocluc" {rPois Int+5}
 57189 | Depths:2 | Found Qatey's Book Shoppe.
 57298 | Depths:2 | Identified the ring of Toddij {Str+5 SInv}
 57325 | Depths:2 | Noticed a caustic shrike
 57327 | Depths:2 | Noticed a juggernaut
 57339 | Depths:2 | Killed a caustic shrike
 57363 | Depths:2 | Killed a juggernaut
 57372 | Depths:2 | Paralysed by a floating eye for 4 turns
 57502 | Depths:2 | Identified the +6 fustibalus "Juqu" {venom, rPois MP+9
                  | Dex+2}
 57561 | Depths:2 | Got the Compendium of Spatial Dark Magic
 57585 | Depths:2 | Acquired 1193 gold pieces
 58418 | Depths:1 | Bought a manual of Stealth for 1520 gold pieces
 58617 | Depths:3 | Reached skill level 23 in Stealth
 59060 | Depths:3 | Found a portal to a secret trove of treasure.
 59433 | Depths:3 | You paid a toll of +2 gold dragon scales to enter a
                  | treasure trove
 59434 | Trove    | Entered a treasure trove
 59459 | Trove    | Identified the amulet of Vasm {Spirit Will+ Dex+2 SInv
                  | Stlth-}
 59461 | Trove    | Identified the amulet of Gyofeito {Acrobat rF+ rC+ MP-9
                  | SInv}
 59481 | Trove    | Found the +7 lajatang of Order {silver, rMut}
 59674 | Depths:3 | Reached skill level 24 in Stealth
 59701 | Depths:3 | Reached skill level 15 in Evocations
 59883 | Depths:3 | Reached XP level 26. HP: 176/176 MP: 43/43
 60231 | Depths:4 | Entered Level 4 of the Depths
 60273 | Depths:4 | Got the Catalogue of Bewitchment and Orientation
 60392 | Depths:4 | Reached skill level 25 in Stealth
 60942 | Depths:4 | Found a sparkling altar of Nemelex Xobeh.
 61549 | Depths:4 | Reached skill level 26 in Stealth
 61619 | Depths:4 | Found a gate to the Realm of Zot.
 62135 | Depths:4 | Got Menosam's Grimoire of Dusty Flight
 62701 | Hell     | Entered the Vestibule of Hell
 62733 | Hell     | Noticed Geryon
 62737 | Hell     | Killed Geryon
 62790 | Hell     | Found a gateway to the ashen valley of Gehenna.
 62882 | Hell     | Found a gateway to the Iron City of Dis.
 62925 | Hell     | Found a gateway to the freezing wastes of Cocytus.
 63257 | Hell     | Gained mutation: You are partially covered in iridescent
                  | scales. (AC +2) [a cacodemon]
 63700 | Hell     | Reached XP level 27. HP: 146/180 MP: 43/43
 64054 | Hell     | Found a gateway to the decaying netherworld of Tartarus.
 64829 | Slime:5  | Killed the Royal Jelly
 65004 | Slime:5  | Identified the amulet of the Prince of Darkness {Spirit
                  | -Tele Will++ rCorr Dex+4}
 65008 | Slime:5  | Got Sif Muna's Catalogue of Icy Shape Shifting
 65038 | Slime:5  | Identified the +0 leather armour of Zeapiane {rCorr Dex-5
                  | SInv}
 65042 | Slime:5  | Got a slimy rune of Zot
 65111 | Slime:5  | Mangled by a rockslime

Illustrated notes

Levels and vault maps discovered:
D:1:      dpeg_arrival_three_same_balls, layout_loops_ring,
          hellmonk_ecumenical_altar_crossroads, minmay_small_reverse_x
D:2:      cheibrodos_helix_gallery, layout_rooms, serial_forest,
          infiniplex_forest_lined_corner, infiniplex_forest_lined_2,
          infiniplex_forest_clump_cross, infiniplex_forest_clump_long,
          infiniplex_forest_lined_room_2, infiniplex_forest_lined_room_3,
          infiniplex_forest_lined_3, infiniplex_forest_zigzag_2
D:3:      layout_basic, ebering_ghost_sewer_d, amcnicky_mini_pool_small,
          uniq_sigmund
D:4:      minmay_thick_lines, layout_rooms, grunt_ministairs_5
D:5:      layout_cave_pools, minmay_temple_entry_mini_moons, uniq_menkaure,
          uniq_pikel, uniq_blork_the_orc
D:6:      layout_layer_cave, biasface_ghost_orc_armoury
D:7:      layout_gridville, enter_bailey_6, feat_on_display, uniq_joseph
D:8:      layout_cave_pools, makhleb_blood_cavern_becter, lair_entry_dummy,
          uniq_erica, uniq_gastronok, uniq_maurice
D:9:      layout_basic, special_room [special_room_orc], uniq_grum, uniq_maggie,
          uniq_amaemon
D:10:     layout_stronghold, uniq_psyche
D:11:     layout_loops_corners, uniq_sonja
D:12:     layout_loops_ring, orc_david_3, serial_bayou, serial_bayou_pond_d,
          serial_bayou_ford_a, serial_bayou_lagoon_b, serial_bayou_crossing,
          serial_bayou_pond_e, gauntlet_entry_generic
D:13:     layout_roguey
D:14:     layout_long_grid, grunt_vaults_entry_fortified,
          nicolae_qazlal_style_of_elements, serial_shops, shop,
          nicolae_shop_crystal, shop_statue, shop_statue, nicolae_square_shop,
          serial_bayou_pond_a
D:15:     grunt_enter_depths_snipers, layout_cave_pods,
          hangedman_abyss_or_decor_slice
Temple:   mainiacjoe_temple_starburst
Lair:1:   layout_gridlike, serial_bayou_shore_a, infiniplex_staircase_pool_2,
          grunt_megastairs_4, uniq_harold, uniq_urug
Lair:2:   layout_cave_pods, guppyfry_snake_entry_island,
          chequers_serial_rivers_room_a, chequers_serial_rivers_micro_b
Lair:3:   layout_long_grid, serial_bayou, serial_bayou_pond_a,
          serial_bayou_pond_e, serial_bayou_pond_d, serial_bayou_lagoon_a,
          st_stairs_13, grunt_forest_stairs_clearing
Lair:4:   layout_small_grid, minmay_swamp_entry_swarm
Lair:5:   layout_loops_ring, serial_forest, infiniplex_forest_clump_C,
          infiniplex_forest_lined_ring, infiniplex_forest_straight_2,
          infiniplex_forest_lined_2, infiniplex_forest_corner_1, disabler_island
Lair:6:   wormcave, layout_gridlike, guppyfry_lair_end_dragon,
          minmay_slime_entry_pillars
Swamp:1:  layout_basic_swamp, infiniplex_staircase_pool, swamp_pool1
Swamp:2:  layout_falls_marsh, evilmike_swamp_ruin_house_1, swamp_pool2,
          nicolae_swamp_spooky_pond
Swamp:3:  layout_basic_swamp, portal_ice_cave_entry_pillars_1,
          evilmike_swamp_ruin_house_2, uniq_mlioglotl
Swamp:4:  swamp_pestilence, layout_basic_swamp
Snake:1:  layout_layer_cave, serial_shops, shop, uniq_aizul, uniq_frances
Snake:2:  layout_cave_pods, nicolae_snake_round_shape_thing
Snake:3:  layout_cave_shapes, minmay_shoptagon
Snake:4:  grunt_snake_rune_serpentine_throne, layout_misc_corridors,
          basic_altar, grunt_ministairs_4
Slime:1:  layout_caves, cheibrodos_slime_lost_civilization_5
Slime:2:  layout_caves
Slime:3:  nicolae_slime_pool, layout_caves
Slime:4:  layout_caves, cheibrodos_slime_lost_civilization_7
Slime:5
Orc:1:    layout_diamond_mine, serial_shops, shop_statue, uniq_jorgrun
Orc:2:    st_orc_mages, layout_caves, uniq_nessos
Elf:1:    layout_loops_ring, kennysheep_underground_church, uniq_louise
Elf:2:    elven_hall_of_blades_hangedman_original [grunt_blade_entry_basic],
          layout_gridlike, serial_shops, bzr_firewalk
Elf:3:    minmay_elf_hall_x, layout_loops_corners, serial_shops, shop
Vaults:1: mu_enter_wizlab_4, ontoclasm_vaults_decontamination,
          ontoclasm_vaults_loading_screen, vaults_dpeg_doors, v_misc_16,
          nicolae_vaults_network_s, nicolae_vaults_angled_halls,
          vaults_standard_mumra_lines, nicolae_vaults_little_squares_2,
          ontoclasm_vaults_gallery, vaults_dpeg_hooks,
          ontoclasm_vaults_ring_small, vaults_room_stairs_pillars,
          hangedman_vaults_capsules, hangedman_vaults_stagger,
          layout_vaults_omnibox
Vaults:2: hangedman_vaults_cutoff, vaults_room_fours,
          nicolae_vaults_little_squares_3, v_rooms_1, blue_anna_dwarven_crypt,
          v_pattern_5, v_misc_9, vaults_mumra_minichess,
          nicolae_vaults_circle_grid_b, ontoclasm_vaults_claustrophobia,
          nicolae_vaults_little_squares_3, layout_vaults_ring, uniq_jory,
          uniq_margery, uniq_bai_suzhen
Vaults:3: nicolae_vaults_little_squares_6, v_rooms_3,
          hangedman_vaults_river_flow, v_pattern_2,
          nicolae_vaults_little_squares_2, vaults_dpeg_ring,
          nicolae_vaults_angled_halls, ontoclasm_vaults_chip,
          ontoclasm_vaults_eye, vaults_mumra_hex, ontoclasm_vaults_gateway,
          layout_vaults_chaotic_city, serial_shops, shop, uniq_mennas
Vaults:4: dpeg_vaults_monster_box, ontoclasm_vaults_spin, ontoclasm_vaults_chip,
          v_misc_15, ontoclasm_vaults_ligature, vaults_dpeg_encased_lava,
          layout_vaults_omnigrid, uniq_zenata
Vaults:5: uniq_xtahua, uniq_boris
Depths:1: layout_forbidden_donut, enter_ziggurat_e, grunt_hell_entry_dis_old,
          nicolae_abyss_entry_one_way_or_another, kennysheep_cross_bottleneck,
          hangedman_glass_teeth, kennysheep_small_circle, minmay_shop_grove
Depths:2: minmay_the_grid_octo_tiled_octocenter_mashed
          [minmay_the_grid_octo_fan_narrow, minmay_the_grid_octo_teeth,
          minmay_the_grid_octo_clover_2, minmay_the_grid_octo_focus,
          minmay_the_grid_octo_prize_square_snowflake,
          minmay_the_grid_square_5x5_percent, minmay_the_grid_square_5x5_seven,
          minmay_the_grid_square_5x5_trominoes, minmay_the_grid_square_5x5_c],
          layout_cave_pools, solitary_fountain, hell_entry, serial_shops,
          shop_fountains, rand_demon_pan_entry_7, infiniplex_staircase_pool_1
Depths:3: minmay_open_boxes_in_corner, layout_cave_shapes, grunt_mini_vestibule,
          lemuel_statue_altar, nicolae_trove_entry_diagonal,
          abyss_entry_crystal, rand_demon_pan_entry_5,
          infiniplex_staircase_pillars_3a, serial_bayou_shore_b
Depths:4: lemuel_castle_with_subvaults [lemuel_castle_interior_original],
          layout_cave_pools, hell_entry, nemelex_diamond_rough_becter,
          dreamdust_looks_like_rain, serial_bayou_shore_b
Hell

Skill      XL: |  1  2  3  4  5  6  7  8  9 10 11 12 13 14 15 16 17 18 19 20 21 22 23 24 25 26 |
---------------+-------------------------------------------------------------------------------+-----
Short Blades   | 5 6 7 8 10 12 13 15 16 18 19 20 | 20.6
Fighting       | 4 5 6 7 8 9 10 11 12 13 15 16 18 19 20 | 20.6
Dodging        | 4 5 6 8 10 11 13 15 16 17 18 20 21 22 23 | 23.5
Stealth        | 3 4 6 8 10 17 18 20 21 22 24 26 | 26.8
Evocations     | 2 6 10 12 15 19 | 19.8
Invocations    | 4 6 8 9 13 15 19 22 23 | 23.9
Spellcasting   | 6 13 15 16 | 16.9

Action                   |  1- 3 |  4- 6 |  7- 9 | 10-12 | 13-15 | 16-18 | 19-21 | 22-24 | 25-27 || total
-------------------------+-------+-------+-------+-------+-------+-------+-------+-------+-------++-------
Melee: Short sword       |   112 |   140 |   177 |   433 |   594 |   225 |       |       |       ||  1681
       Punch             |     1 |     2 |     2 |     2 |    13 |     3 |       |       |       ||    23
       Pair of quick bla |       |       |       |       |       |   428 |  1013 |  1488 |   957 ||  3886
 Cast: Blink             |       |       |       |       |       |       |     1 |       |     1 ||     2
Invok: Shadow Form       |       |       |       |       |       |     1 |       |     2 |       ||     3
Evoke: Wand              |       |       |       |     3 |       |       |     4 |       |     7 ||    14
       Tin of tremorston |       |       |       |       |       |       |       |       |     2 ||     2
       Box of beasts     |       |       |       |       |       |       |       |       |     3 ||     3
  Use: Scroll            |       |    11 |     9 |    10 |     9 |     4 |     3 |     3 |     8 ||    57
       Potion            |       |       |       |     1 |     1 |     3 |       |       |     5 ||    10
 Stab: Sleeping          |    11 |    10 |    40 |    38 |   122 |   170 |   203 |   190 |    94 ||   878
       Distracted        |       |     1 |       |     8 |    10 |    10 |    20 |    15 |    35 ||    99
       Confused          |       |       |       |     2 |     3 |     2 |     2 |       |       ||     9
       Paralysed         |       |       |       |     2 |       |       |       |       |     1 ||     3
       Petrifying        |       |       |       |     1 |       |       |       |       |       ||     1
       Invisible         |       |       |       |       |       |    22 |       |       |       ||    22
Armor: Robe              |    16 |    18 |    12 |    19 |    13 |    23 |    37 |    68 |    36 ||   242
Dodge: Dodged            |    79 |    65 |    94 |   325 |   416 |   346 |   594 |  1110 |   654 ||  3683

Table legend: (Time is in decaauts)
 A = Elapsed time spent in this place.
 B = Non-inter-level travel time spent in this place.
 C = Inter-level travel time spent in this place.
 D = Time resting spent in this place.
 E = Time spent auto-exploring this place.
 F = Levels seen in this place.
 G = Mean time per level.
                   A        B        C        D        E       F      G
               +--------+--------+--------+--------+--------+-----+--------+
         Total |  61974 |  57928 |   4046 |  10655 |  35735 |  55 | 1126.8 |
       Dungeon |  16586 |  15434 |   1152 |   2588 |  10259 |  15 | 1105.7 |
        Temple |    637 |    582 |     55 |      0 |    564 |   1 |  637.0 |
          Lair |   9308 |   8126 |   1182 |   1334 |   5522 |   6 | 1551.3 |
         Swamp |   3290 |   3187 |    103 |    608 |   1866 |   4 |  822.5 |
     Snake Pit |   4066 |   3933 |    133 |    190 |   3171 |   4 | 1016.5 |
    Slime Pits |   6008 |   5701 |    307 |   2306 |   2184 |   5 | 1201.6 |
  Orcish Mines |   1622 |   1488 |    134 |    205 |    839 |   2 |  811.0 |
   Elven Halls |   4015 |   3884 |    131 |    441 |   2315 |   3 | 1338.3 |
        Vaults |   6793 |   6521 |    272 |    949 |   4561 |   5 | 1358.6 |
        Depths |   6461 |   5914 |    547 |   1031 |   3631 |   4 | 1615.2 |
          Hell |   1416 |   1390 |     26 |    642 |    311 |   1 | 1416.0 |
        Bazaar |    144 |    144 |      0 |      0 |    120 |   1 |  144.0 |
         Trove |     92 |     92 |      0 |      0 |     21 |   1 |   92.0 |
        Bailey |    468 |    468 |      0 |     72 |     92 |   1 |  468.0 |
      Ice Cave |    371 |    371 |      0 |     13 |     96 |   1 |  371.0 |
      Gauntlet |    691 |    691 |      0 |    276 |    181 |   1 |  691.0 |
               +--------+--------+--------+--------+--------+-----+--------+

Top non-repeatable levels by time:
  Lair:5: 2352 daAuts
Depths:3: 2021 daAuts
Vaults:3: 2005 daAuts
 Slime:4: 1952 daAuts
  Lair:6: 1862 daAuts
Vaults:4: 1807 daAuts
Depths:4: 1797 daAuts
     D:1: 1729 daAuts
     D:8: 1720 daAuts
Vaults:2: 1710 daAuts
  Lair:1: 1643 daAuts
   Elf:3: 1563 daAuts
    Hell: 1416 daAuts
   Elf:2: 1412 daAuts
Depths:2: 1410 daAuts
